 Dungeon Sprint DCSS version 0.17-a0-1748-g222fba8 (webtiles) character file.

882 KambridgeKobold the Martial Artist (level 8, -8/127 HPs)
             Began as a Hill Orc Monk on Sept 1, 2015.
             Was a Follower of Ru.
             Mangled by a sixfirhy (11 damage)
             ... summoned by a kobold demonologist
             ... in the Dungeon (Sprint I: "Red Sonja").
             The game lasted 00:05:46 (983 turns).

KambridgeKobold the Martial Artist (Hill Orc Monk)   Turns: 983, Time: 00:05:47

Health: -8/127     AC:  2    Str: 19    XL:     8   Next: 5%
Magic:  8/8        EV: 13    Int: 10    God:    Ru [*.....]
Gold:   169        SH:  0    Dex: 15    Spells: 0 memorised, 7 levels left

rFire  . . .     SeeInvis .       - Unarmed
rCold  . . .     Clarity  .     a - +0 robe
rNeg   . . .     SustAt   .     (no shield)
rPois  .         Gourm    .     (no helmet)
rElec  .         Spirit   .     (no cloak)
rCorr  .         Warding  .     (no gloves)
rMut   .         NoTele   +     (no boots)
MR     .....                    (no amulet)
Stlth  ..........               (no ring)
                                (no ring)

@: berserking, no scrolls, very quick, not resistant to hostile enchantments,
extremely unstealthy
A: deterioration 1, inability to read while threatened
a: Renounce Religion


You were in the Dungeon.
You worshipped Ru.
Ru was aware of your devotion.
You were not hungry.

You visited 1 branch You collected 469 gold pieces.
You spent 300 gold pieces at shops.

Inventory:

Armour
 a - a +0 robe (worn)
Magical devices
 i - a wand of digging (0)
 k - a wand of random effects (15)
Scrolls
 h - a scroll of blinking
Potions
 c - a potion of curing
 d - 2 potions of heal wounds
 e - a potion of haste
 f - 2 potions of magic
 j - a potion of might
 m - a potion of cancellation
 n - a potion of resistance
 o - a potion of lignification
Comestibles
 b - a bread ration


   Skills:
 * Level 12.8 Fighting
 - Level 2.4 Dodging
 - Level 1.5 Stealth
 + Level 14.5 Unarmed Combat


You had 7 spell levels left.
You didn't know any spells.

Dungeon Overview and Level Annotations

Branches:
Dungeon (1/1)

Altars:
Cheibriados
Dithmenos
Elyvilon
Fedhas
Gozag
Kikubaaqudgha
Makhleb
Nemelex Xobeh
Okawaru
Qazlal
Ru
Sif Muna
Trog
Vehumet
Xom
Yredelemnul
Zin
The Shining One
Jiyva

Shops:
D !


Innate Abilities, Weirdness & Mutations

You cannot read scrolls while threatened.
Your body sometimes deteriorates upon taking damage.


Message History

The kobold demonologist is moderately wounded.
The sixfirhy closely misses you. x2
The kobold demonologist hits you with a dagger.
The sixfirhy misses you. The quasit bites you.
The quasit claws you but does no damage. x2
You punch the kobold demonologist!
The kobold demonologist is severely wounded.
The sixfirhy hits you!
* * * LOW HITPOINT WARNING * * *
The sixfirhy shocks you!
* * * LOW HITPOINT WARNING * * *
The neqoxec gestures.
You hit the kobold demonologist.
The kobold demonologist is severely wounded.
The sixfirhy hits you!
* * * LOW HITPOINT WARNING * * *
The sixfirhy shocks you!
* * * LOW HITPOINT WARNING * * *
The sixfirhy hits you!
You die...

###################
).#.)'..#__#..553.#
..'..#..'..'..#4@.#
#'#####'#__####K5.+
..#...#[#### #####
###..##.# __##'#..+
...'..._# ._##_.#+#
__###+# ###


You could see a kobold demonologist, a sixfirhy, a neqoxec, an iron imp, a
quasit and a crimson imp.

Vanquished Creatures
  A kobold demonologist (D)
  A slime creature (D)
  Sigmund (D)
  A yak (D)
  An ogre (D)
  A jelly (D)
  Ijyb (D)
  A giant eyeball (D)
8 creatures vanquished.

Vanquished Creatures (others)
  4 wasps (D)
4 creatures vanquished.

Grand Total: 12 creatures vanquished

Notes
Turn   | Place    | Note
--------------------------------------------------------------
     0 | D        | KambridgeKobold the Hill Orc Monk began the quest for the Orb.
     0 | D        | Reached XP level 1. HP: 19/19 MP: 1/1
     1 | D        | Noticed Ijyb
    15 | D        | Killed Ijyb
    15 | D        | Reached skill level 5 in Fighting
    15 | D        | Reached skill level 6 in Unarmed Combat
    15 | D        | Reached XP level 2. HP: 17/29 MP: 2/2
    15 | D        | Reached XP level 3. HP: 21/36 MP: 3/3
   141 | D        | Noticed a yak
   141 | D        | Found a glowing golden altar of the Shining One.
   141 | D        | Found a sacrificial altar of Ru.
   141 | D        | Found a burning altar of Makhleb.
   141 | D        | Found a white marble altar of Elyvilon.
   141 | D        | Found a glowing silver altar of Zin.
   141 | D        | Found an opulent altar of Gozag.
   141 | D        | Found Fohije's Distillery.
   141 | D        | Found a stormy altar of Qazlal.
   141 | D        | Found a sparkling altar of Nemelex Xobeh.
   141 | D        | Found an iron altar of Okawaru.
   141 | D        | Found a bloodstained altar of Trog.
   142 | D        | Found a basalt altar of Yredelemnul.
   142 | D        | Found an ancient bone altar of Kikubaaqudgha.
   142 | D        | Found a shimmering altar of Xom.
   163 | D        | Killed a yak
   163 | D        | Reached skill level 7 in Fighting
   163 | D        | Reached skill level 10 in Unarmed Combat
   163 | D        | Reached XP level 4. HP: 3/48 MP: 4/4
   163 | D        | Reached XP level 5. HP: 3/53 MP: 5/5
   247 | D        | Became a worshipper of Ru the Awakened
   255 | D        | Gained mutation: You cannot read scrolls while threatened. [Ru sacrifice]
   255 | D        | Acquired Ru's first power
   464 | D        | Noticed an ogre
   469 | D        | Killed an ogre
   469 | D        | Reached skill level 11 in Unarmed Combat
   469 | D        | Reached XP level 6. HP: 28/63 MP: 6/6
   620 | D        | Killed a wasp
   629 | D        | Killed a wasp
   658 | D        | Bought a potion of heal wounds for 50 gold pieces
   669 | D        | Killed a wasp
   688 | D        | Bought a potion of might for 40 gold pieces
   700 | D        | Noticed Sigmund
   702 | D        | Killed a wasp
   710 | D        | Killed Sigmund
   710 | D        | Reached skill level 10 in Fighting
   710 | D        | Reached skill level 12 in Unarmed Combat
   758 | D        | Found a deep blue altar of Sif Muna.
   759 | D        | Noticed a jelly
   760 | D        | Found a radiant altar of Vehumet.
   763 | D        | Killed a jelly
   763 | D        | Reached skill level 13 in Unarmed Combat
   788 | D        | Bought a potion of cancellation for 80 gold pieces
   788 | D        | Bought a potion of resistance for 100 gold pieces
   788 | D        | Bought a potion of lignification for 30 gold pieces
   820 | D        | Found a snail-covered altar of Cheibriados.
   820 | D        | Found a viscous altar of Jiyva.
   820 | D        | Found a shadowy altar of Dithmenos.
   820 | D        | Found a blossoming altar of Fedhas.
   820 | D        | Noticed a slime creature
   825 | D        | Killed a slime creature
   825 | D        | Reached XP level 7. HP: 45/74 MP: 7/7
   966 | D        | Noticed a kobold demonologist
   967 | D        | Noticed a kobold demonologist
   967 | D        | Noticed a neqoxec
   968 | D        | Gained mutation: Your body sometimes deteriorates upon taking damage. [a neqoxec]
   974 | D        | Noticed a sixfirhy
   977 | D        | Killed a kobold demonologist
   977 | D        | Reached skill level 14 in Unarmed Combat
   977 | D        | Reached XP level 8. HP: 51/85 MP: 8/8
   983 | D        | HP: 3/127 [sixfirhy[a kobold demonologist] (7)]
   983 | D        | Mangled by a sixfirhy

Vault maps used:
D:        dungeon_sprint_1

Action                   |  1- 3 |  4- 6 |  7- 9 || total
-------------------------+-------+-------+-------++-------
Melee: Unarmed           |    23 |    19 |    13 ||    55
Invok: Sacrifice Words   |       |     1 |       ||     1
Evoke: Wand              |     2 |     1 |       ||     3
  Use: Potion            |       |       |     1 ||     1
 Stab: Sleeping          |       |     1 |       ||     1
